 Dungeon Crawl Stone Soup version 0.29-a0-11-ga75d3d97ab (webtiles) character file.

Game seed: 9874991202320689841

99 Zonian the Magician (level 5, 0/35 HPs)
             Began as a Djinni Ice Elementalist on Jan 29, 2022.
             Slain by a water moccasin skeleton (4 damage)
             ... on level 3 of the Dungeon.
             The game lasted 00:05:59 (4467 turns).

Zonian the Magician (Djinni Ice Elementalist)       Turns: 4467, Time: 00:05:59

Health: 0/35       AC:  2    Str:  7    XL:     5   Next: 2%
Gold:   60         EV: 13    Int: 18    God:
                   SH:  0    Dex: 14

rFire   + + .      SeeInvis .   b - +0 dagger
rCold   . . .      Faith    .   (no shield)
rNeg    . . .      Spirit   .   a - +0 robe
rPois   ∞          Reflect  .   (no helmet)
rElec   .          Harm     .   (no cloak)
rCorr   .          Rampage  .   (no gloves)
Will    .....                   (boots unavailable)
Stlth   ++........              (no amulet)
HPRegen 0.11/turn               h - ring of protection from cold
MPRegen 0.00/turn               j - ring of wizardry

@: flying
A: sickness immunity, fire resistance 2, cold vulnerability 1, float, innate
caster, hp casting, extra vitality 1
a: no special abilities


You were on level 3 of the Dungeon.
You visited 1 branch of the dungeon, and saw 3 of its levels.

You collected 60 gold pieces.

Inventory:

Hand Weapons
 b - a +0 dagger (weapon)
 c - a +0 short sword
Missiles
 i - 3 poisoned darts
Armour
 a - a +0 robe (worn)
Jewellery
 h - a ring of protection from cold (left hand)
 j - a ring of wizardry (right hand)
Potions
 d - a potion of flight {unknown}
 g - a potion of brilliance {unknown}
 k - a potion of resistance {unknown}
 l - a potion of heal wounds {unknown}


   Skills:
 + Level 3.4 Dodging
 + Level 2.7 Stealth
 + Level 3.8 Spellcasting


You couldn't memorise any spells.
You knew the following spells:

 Your Spells              Type           Power      Damage    Failure   Level
a - Freeze                Ice            68%        1d8       1%          1
b - Frozen Ramparts       Ice            34%        1d5       4%          3
c - Ozocubu's Armour      Ice            17%        N/A       4%          3
d - Hailstorm             Conj/Ice       17%        3d6       12%         4
e - Sting                 Tmut/Pois      68%        1d6       1%          1
f - Corpse Rot            Necr/Air       34%        N/A       1%          2
Your spell library was empty.

Dungeon Overview and Level Annotations

Branches:
Dungeon (3/15)

Altars:
Dithmenos
Wu Jian

Shops:
D:3 [


Innate Abilities, Weirdness & Mutations

You are immune to sickness and miasma.
You are immune to poison.
Your flesh is very heat resistant. (rF++)
You are vulnerable to cold. (rC-)
You float through the air rather than walking.
You learn spells naturally, not from books.
Your magical power is your life essence.
You have superior vitality. (+4 MHP)


Message History

You hit the water moccasin skeleton but do no damage.
The water moccasin skeleton is severely damaged.
The water moccasin skeleton bites you. The water moccasin skeleton misses you.
You hit the water moccasin skeleton but do no damage.
The water moccasin skeleton is severely damaged.
The water moccasin skeleton bites you.
You hit the water moccasin skeleton.
The water moccasin skeleton is severely damaged.
The water moccasin skeleton closely misses you.
You hit the water moccasin skeleton.
The water moccasin skeleton is severely damaged.
The water moccasin skeleton barely misses you.
You hit the water moccasin skeleton.
The water moccasin skeleton is severely damaged.
The water moccasin skeleton misses you.
You hit the water moccasin skeleton.
The water moccasin skeleton is almost destroyed.
The water moccasin skeleton bites you. The water moccasin skeleton misses you.
You hit the water moccasin skeleton.
The water moccasin skeleton is almost destroyed.
The water moccasin skeleton bites you.
You barely miss the water moccasin skeleton.
The water moccasin skeleton is almost destroyed.
The water moccasin skeleton barely misses you.
You hit the water moccasin skeleton.
The water moccasin skeleton is almost destroyed.
The water moccasin skeleton bites you but does no damage.
You completely miss the water moccasin skeleton.
The water moccasin skeleton is almost destroyed.
The water moccasin skeleton bites you.
You barely miss the water moccasin skeleton.
The water moccasin skeleton is almost destroyed.
The water moccasin skeleton bites you.
* * * LOW HITPOINT WARNING * * *
The water moccasin skeleton bites you.
* * * LOW HITPOINT WARNING * * *
You hit the water moccasin skeleton.
The water moccasin skeleton is almost destroyed.
The water moccasin skeleton bites you.
You die...

#............_......#...#.
#........#.......#........
#..<.....#.......#........
##.....#.##.....##........
#........####.####........
#..........[..........<...
#.............##..........
##.....##Z#...##..........
##...###@#...............
#### #........#..<.....
###.....###.......
##....>..#........
##..###.:(..#...#..
#..####.....§._.... ###.##
#...####.§.#..
#...####.#.###..###..
##.###....#.....###...


You could see a water moccasin skeleton.

Vanquished Creatures
  2 adders
  5 dart slugs
  An orc (D:2)
  10 ball pythons
  5 bats
  2 endoplasms (D:3)
  4 giant cockroaches
  4 goblins
  5 hobgoblins
  3 jackals (D:2)
  8 quokkas
  4 frilled lizards
  6 kobolds
  4 rats
63 creatures vanquished.

Notes
Turn   | Place    | Note
-------+----------+-------------------------------------------
     0 | D:1      | Zonian the Djinni Ice Elementalist began the quest for the
                  | Orb.
     0 | D:1      | Reached XP level 1. HP: 15/15 MP: 0/0
   386 | D:1      | Reached XP level 2. HP: 17/21 MP: 0/0
   819 | D:1      | Reached XP level 3. HP: 22/25 MP: 0/0
   819 | D:1      | Learned a level 1 spell: Sting
  1824 | D:2      | Reached XP level 4. HP: 30/31 MP: 0/0
  2324 | D:2      | Found a faded altar of an unknown god.
  2590 | D:3      | Found a shadowy altar of Dithmenos.
  2838 | D:3      | Found an ornate altar of the Wu Jian Council.
  3538 | D:3      | Reached XP level 5. HP: 26/35 MP: 0/0
  3538 | D:3      | Learned a level 2 spell: Corpse Rot
  3638 | D:3      | Found Imilarhi's Armour Boutique.
  4467 | D:3      | Slain by a water moccasin skeleton

Illustrated notes

Levels and vault maps discovered:
D:1:      sevenhm_arrival_forest_fort_small_6, layout_basic, st_stairs_9,
          chequers_decorated_corner, grunt_decor_junction
D:2:      layout_rooms, hellmonk_ecumenical_altar_crossroads,
          kennysheep_generic_room_11
D:3:      wander_river, layout_rooms, grunt_dithmenos_smoke, old_standard_altar,
          serial_shops, nicolae_shop_waterfront

Skill      XL: |  1  2  3 |
---------------+----------+-----
Stealth        | 2 |  2.7
Dodging        | 3 |  3.4
Spellcasting   | |  3.8

Action                   |  1- 3 |  4- 6 || total
-------------------------+-------+-------++-------
Melee: Unarmed           |     1 |       ||     1
       Dagger            |     8 |    45 ||    53
       Punch             |       |     1 ||     1
 Cast: Freeze            |    53 |    50 ||   103
  Use: Scroll            |       |     2 ||     2
       Potion            |       |     1 ||     1
Armor: Robe              |    10 |    12 ||    22
Dodge: Dodged            |    50 |    59 ||   109

Table legend: (Time is in decaauts)
 A = Elapsed time spent in this place.
 B = Non-inter-level travel time spent in this place.
 C = Inter-level travel time spent in this place.
 D = Time resting spent in this place.
 E = Time spent auto-exploring this place.
 F = Levels seen in this place.
 G = Mean time per level.
                   A        B        C        D        E       F      G
               +--------+--------+--------+--------+--------+-----+--------+
         Total |   4467 |   4378 |     89 |   1957 |   1775 |   3 | 1489.0 |
       Dungeon |   4467 |   4378 |     89 |   1957 |   1775 |   3 | 1489.0 |
               +--------+--------+--------+--------+--------+-----+--------+

Top non-repeatable levels by time:
     D:2: 1955 daAuts
     D:1: 1379 daAuts
     D:3: 1131 daAuts
